 Dungeon Crawl Stone Soup version 0.31-a0-1005-gfbdfbacc72 (webtiles) character file.

Game seed: 15407040165973515218

116 Armakuni the Changeling (level 5, 0/58 HPs)
             Began as a Human Shapeshifter on Nov 10, 2023.
             Slain by a gnoll
             ... wielding a +0 flail
             ... led by a gnoll bouda
              (3 damage)
             ... on level 3 of the Dungeon.
             The game lasted 00:06:22 (1809 turns).

Armakuni the Changeling (Human Shapeshifter)        Turns: 1809, Time: 00:06:23

Health: 0/58       AC: 22    Str: 14    XL:     5   Next: 20%
Magic:  5/5        EV:  2    Int: 13    God:
Gold:   909        SH:  0    Dex: 12    Spells: 4/4 levels left

rFire   . .          .
                       - Unarmed
rCold   . . .        (no shield)
rNeg    . . .        a - melded +0 animal skin
rPois   +            (helmet currently unavailable)
rElec   .            (cloak currently unavailable)
rCorr   .            (gloves currently unavailable)
SInv    .            k - melded +0 pair of boots
Will    .....        (no amulet)
Stlth   +            (no ring)
HPRegen 0.29/turn    (no ring)
MPRegen 0.09/turn

%: no passive effects
@: tree-form
A: stationary, stasis, torment immunity, boosted hp
a: no special abilities


You were on level 3 of the Dungeon.
You were a tree.
You visited 1 branch of the dungeon, and saw 3 of its levels.

You collected 909 gold pieces.

Inventory:

Missiles
 e - 2 silver javelins (quivered)
Armour
 a - a +0 animal skin (melded)
 k - a +0 pair of boots (melded)
Magical Staves
 f - a staff of fire
Talismans
 b - a maw talisman
 c - a beast talisman (active)
Scrolls
 g - a scroll of identify
 i - a scroll of vulnerability
 l - a scroll of noise {unknown}
 m - a scroll of fear {unknown}


   Skills:
 - Level 2.6 Fighting
 - Level 2.0 Dodging
 - Level 3.0 Unarmed Combat
 + Level 4.5 Shapeshifting


You had 4 spell levels left.
You didn't know any spells.
Your spell library contained the following spells:

 Spells                   Type           Power      Damage    Failure   Level
 Ensorcelled Hibernation  Hex/Ice        0%         N/A       43%         2
 Jinxbite                 Hex            0%         N/A       43%         2
 Anguish                  Hex/Necr       0%         N/A       97%         4


Dungeon Overview and Level Annotations

Branches:
Dungeon (3/15)

Altars:


Message History

Aim: a gnoll, wielding a +0 flail (63% to hit)
You throw a silver javelin.
The silver javelin closely misses the gnoll.
The silver javelin pierces through the kobold!
You kill the kobold!
The silver javelin pierces through the gnoll.
The gnoll is severely wounded.
The silver javelin barely misses the gnoll bouda.
The silver javelin closely misses the gnoll.
The gnoll barely misses you.
The gnoll bouda barks out a call to the hunt!
The gnolls pick up the pace!
Throw: 3 javelins (silver)
Press: ? - help, Q - select action Shift-Dir - straight line, f/p - gnoll
Aim: a gnoll, wielding a +0 flail (covering ground quickly, 61% to hit)
You throw a silver javelin.
The silver javelin pierces through the gnoll.
The gnoll is moderately wounded.
The silver javelin pierces through the gnoll.
You kill the gnoll!
The silver javelin pierces through the gnoll bouda.
The gnoll bouda is lightly wounded.
The silver javelin barely misses the gnoll.
The gnoll hits you with a +0 flail! The gnoll closely misses you.
The gnoll attacks as it pursues you! The gnoll hits you with a +0 flail!
* * * LOW HITPOINT WARNING * * *
Okay, then.
Throw: 2 javelins (silver)
Press: ? - help, Q - select action Shift-Dir - straight line, f - you, p - gnoll
Okay, then.
Okay, then.
Okay, then.
Unknown command.
Your transformation has ended.
Your +0 pair of boots unmelds from your body.
You turn into a tree.
Your +0 pair of boots melds into your body.
Your +0 animal skin melds into your body.
Your roots penetrate the ground.
The gnoll hits you with a +0 flail.
You die...

#. ####.# ..
#(...#
########.####...
#.............#
#.##.#####.####.#
#.......<#g#
#####.##.#g#
#....####g#
#.#.....♣.# #
#.####### #. #.
#. ##


You could see a gnoll bouda and 2 gnolls.

Vanquished Creatures
  6 gnolls
  3 adders (D:2)
  A dart slug (D:1)
  2 bats
  3 endoplasms
  5 giant cockroaches
  2 hobgoblins (D:1)
  A quokka (D:2)
  A ball python (D:1)
  2 frilled lizards
  A goblin (D:2)
  3 kobolds
  4 rats
34 creatures vanquished.

Notes
Turn   | Place    | Note
-------+----------+-------------------------------------------
     0 | D:1      | Armakuni the Human Shapeshifter began the quest for the
                  | Orb.
     0 | D:1      | Reached XP level 1. HP: 15/15 MP: 1/1
   149 | D:1      | Identified a scroll of acquirement
   149 | D:1      | Acquired 820 gold pieces
   198 | D:1      | Reached XP level 2. HP: 21/21 MP: 2/2
   746 | D:2      | Reached XP level 3. HP: 26/27 MP: 3/3
   881 | D:2      | Reached XP level 4. HP: 13/34 MP: 4/4
  1085 | D:1      | Reached skill level 4 in Shapeshifting
  1301 | D:2      | Found a faded altar of an unknown god.
  1777 | D:3      | Reached XP level 5. HP: 39/39 MP: 5/5
  1808 | D:3      | HP: 1/39 [gnoll/+0 flail[a gnoll bouda] (12)]
  1809 | D:3      | Slain by a gnoll

Illustrated notes

Levels and vault maps discovered:
D:1:      minmay_arrival_widening_spiral_wide, layout_basic
D:2:      layout_loops_cross, hellmonk_ecumenical_altar_heavens_door,
          minmay_misc_feat_alley, st_stairs_12, minmay_domino_2
D:3:      layout_basic, nicolae_grassy_gnolls

Skill      XL: |  1  2  3  4 |
---------------+-------------+-----
Fighting       | 2 |  2.6
Shapeshifting  | 4 |  4.5
Dodging        | |  2.0
Unarmed Combat | |  3.0

Action                     |  1- 3 |  4- 6 || total
---------------------------+-------+-------++-------
  Melee: Unarmed           |    62 |    47 ||   109
         Punch             |     1 |     1 ||     2
  Throw: Javelin           |     8 |     6 ||    14
Ability: Begin Untransform |     1 |       ||     1
    Use: Scroll            |     1 |     3 ||     4
         Potion            |     3 |     1 ||     4
   Stab: Sleeping          |     2 |       ||     2
 Armour: Animal skin       |    31 |    21 ||    52
         Skin              |    18 |     1 ||    19
  Dodge: Dodged            |    40 |    35 ||    75
   Form: Beast             |     1 |       ||     1

Table legend: (Time is in decaauts)
 A = Elapsed time spent in this place.
 B = Non-inter-level travel time spent in this place.
 C = Inter-level travel time spent in this place.
 D = Time resting spent in this place.
 E = Time spent auto-exploring this place.
 F = Levels seen in this place.
 G = Mean time per level.
                   A        B        C        D        E       F      G
               +--------+--------+--------+--------+--------+-----+--------+
         Total |   1812 |   1692 |    120 |    144 |   1044 |   3 |  604.0 |
       Dungeon |   1812 |   1692 |    120 |    144 |   1044 |   3 |  604.0 |
               +--------+--------+--------+--------+--------+-----+--------+

Top non-repeatable levels by time:
     D:2: 885 daAuts
     D:1: 864 daAuts
     D:3: 61 daAuts
